 Dungeon Crawl Stone Soup version 0.19.1 (webtiles) character file.

252 KingBobo974 the Ruffian (level 5, -1/40 HPs)
             Began as a Draconian Transmuter on Dec 10, 2016.
             Was a Believer of Elyvilon.
             Slain by a gnoll
             ... wielding a +0 spear
              (8 damage)
             ... on level 4 of the Dungeon.
             The game lasted 00:18:12 (3288 turns).

KingBobo974 the Ruffian (Draconian Transmuter)      Turns: 3288, Time: 00:18:15

Health: -1/40      AC:  7    Str: 13    XL:     5   Next: 89%
Magic:  17/17      EV: 13    Int: 14    God:    Elyvilon [**....]
Gold:   169        SH:  0    Dex: 11    Spells: 3 memorised, 1 level left

rFire  . . .     SeeInvis .       - Unarmed
rCold  . . .     Gourm    .     (armour unavailable)
rNeg   . . .     Faith    .     (no shield)
rPois  .         Spirit   .     (helmet restricted)
rElec  .         Reflect  .     p - +1 cloak
rCorr  .         Harm     .     (no gloves)
MR     .....                    (no boots)
Stlth  +.........               d - amulet of regeneration
                                (no ring)
                                l - ring of magical power

@: about to teleport, very slightly contaminated
A: unfitting armour, cold-blooded, AC +5
a: Lesser Healing, Heal Other, Divine Protection, Renounce Religion


You were on level 4 of the Dungeon.
You worshipped Elyvilon.
Elyvilon was pleased with you.
You were near starving.

You visited 1 branch of the dungeon, and saw 4 of its levels.

You collected 169 gold pieces.

Inventory:

Hand Weapons
 n - a +0 long sword
 s - a +3 quarterstaff of chaos
Missiles
 a - 65 arrows
Armour
 p - a +1 cloak (worn)
 t - a +0 cloak
Jewellery
 d - an amulet of regeneration (around neck)
 l - a ring of magical power (left hand)
Scrolls
 c - a scroll of identify
 e - a scroll of enchant weapon {unknown}
 j - a scroll of teleportation
 k - 4 scrolls of remove curse
 o - a scroll of amnesia
 r - a scroll of recharging
Potions
 g - a potion of flight
 h - 2 potions of curing {unknown}
 i - 2 potions of invisibility {unknown}
 m - a potion of heal wounds {unknown}
Books
 b - a book of Changes

   Spells                             Type                      Level
   a - Beastly Appendage              Transmutation                1
   b - Sticks to Snakes               Transmutation                2
   c - Spider Form                    Transmutation/Poison         3
   d - Ice Form                       Ice/Transmutation            4
   e - Blade Hands                    Transmutation                5
Comestibles
 q - 2 beef jerkies


   Skills:
 + Level 1.4 Fighting
 * Level 3.3 Dodging
 * Level 4.8 Unarmed Combat
 * Level 2.6 Spellcasting
 * Level 2.9 Transmutations


You had one spell level left.
You knew the following spells:

 Your Spells              Type           Power        Failure   Level  Hunger
a - Beastly Appendage     Tmut           ##....       10%         1    #......
b - Sticks to Snakes      Tmut           ##......     12%         2    ###....
c - Blade Hands           Tmut           ##........   99%         5    ######.


Dungeon Overview and Level Annotations

Branches:
Dungeon (4/15)
 Temple: D:4-7

Altars:
Elyvilon

Shops:
D:4 (

Portals:
Sewer: D:3


Innate Abilities, Weirdness & Mutations

Your plain brown scales are hard. (AC +5)
You cannot fit into any form of body armour.
You are cold-blooded and may be slowed by cold attacks.


Message History

The goblin hits you. The gnoll barely misses you. The gnoll closely misses you.
The hobgoblin hits you but does no damage.
The goblin wields an uncursed hunting sling.
The goblin shoots a stone.
The stone misses you.
You feel less invigorated.
You feel less confused. The goblin hits you. The gnoll closely misses you.
The hobgoblin hits you with a club.
The goblin unwields an uncursed hunting sling.
The goblin closely misses you.
The gnoll hits you from afar with a spear.
* * * LOW HITPOINT WARNING * * *
As you read the scroll of teleportation, it crumbles to dust.
You feel strangely unstable. The goblin barely misses you.
The gnoll hits you with a spear.
* * * LOW HITPOINT WARNING * * *
The hobgoblin hits you but does no damage.
The gnoll hits you from afar with a spear!
You die...

#### ######### ## #... ........#
#. #... .......+ #. #+##...
.......#########. #......
#..........#.. #......
#..........'..
#......########..........#..
≈≈≈≈# #....(ggg(.....#########.
≈≈≈≈# #...))gg@.....(+ #) ≈≈≈≈#
#.....gg.......# #. ≈≈≈≈#
#########################
≈≈≈≈#####≈≈≈≈≈≈≈≈≈≈≈≈≈≈≈≈≈≈≈≈≈≈≈.
≈≈≈≈≈≈≈≈≈≈≈≈≈≈≈≈≈≈≈≈≈≈≈≈≈≈≈≈≈≈≈≈.
≈≈≈≈≈≈≈≈≈≈≈≈≈≈≈≈≈≈≈≈≈≈≈≈≈≈≈≈≈≈≈≈.
≈≈≈≈≈≈≈≈≈≈≈≈≈≈≈≈≈≈≈≈≈≈≈≈≈≈≈≈≈≈≈≈.
..(..............................
.................................


You could see 2 gnolls, 2 hobgoblins and 3 goblins.

Vanquished Creatures
  Crazy Yiuf (D:4)
  A hound (D:4)
  A worker ant zombie (D:4)
  A gnoll (D:4)
  A howler monkey skeleton (D:4)
  3 adders
  2 river rats (D:3)
  An adder skeleton (D:4)
  A worm (D:3)
  5 dart slugs
  5 leopard geckos
  5 giant cockroaches
  15 hobgoblins
  3 ball pythons
  7 bats
  A frilled lizard (D:2)
  17 goblins
  3 kobolds
  3 leopard gecko skeletons (D:4)
  12 rats
88 creatures vanquished.

Vanquished Creatures (collateral kills)
  An adder (D:4)
  An adder skeleton (D:3)
  3 goblins (D:4)
  2 rats (D:3)
7 creatures vanquished.

Vanquished Creatures (others)
  A dart slug (D:2)
1 creature vanquished.

Grand Total: 96 creatures vanquished

Notes
Turn   | Place    | Note
-------+----------+-------------------------------------------
     0 | D:1      | KingBobo974 the Draconian Transmuter began the quest for the Orb.
     0 | D:1      | Reached XP level 1. HP: 16/16 MP: 3/3
    86 | D:1      | Reached XP level 2. HP: 14/23 MP: 5/5
   595 | D:1      | Reached XP level 3. HP: 20/28 MP: 6/6
  1077 | D:2      | Found a white marble altar of Elyvilon.
  1107 | D:2      | Became a worshipper of Elyvilon the Healer
  1404 | D:2      | Reached XP level 4. HP: 35/35 MP: 5/7
  1440 | D:2      | Reached skill level 4 in Unarmed Combat
  1501 | D:2      | Reached * piety under Elyvilon
  1665 | D:3      | Learned a level 2 spell: Sticks to Snakes
  2087 | D:3      | Found a glowing drain.
  2263 | D:3      | Reached ** piety under Elyvilon
  2370 | D:4      | Reached XP level 5. HP: 27/40 MP: 3/8
  2512 | D:4      | Learned a level 5 spell: Blade Hands
  2751 | D:4      | Found Umemob's Weapon Shoppe.
  2952 | D:4      | Found a runed door.
  3135 | D:4      | Noticed Crazy Yiuf
  3150 | D:4      | Killed Crazy Yiuf
  3288 | D:4      | Slain by a gnoll

Skill      XL: |  1  2  3  4 |
---------------+-------------+-----
Dodging        | 2 3 |  3.3
Unarmed Combat | 4 |  4.8
Fighting       | |  1.4
Spellcasting   | |  2.6
Transmutations | |  2.9

Action                   |  1- 3 |  4- 6 || total
-------------------------+-------+-------++-------
Melee: Unarmed           |   139 |   205 ||   344
       Tailslap          |    14 |    15 ||    29
       Headbutt          |     2 |       ||     2
       Punch             |       |     3 ||     3
 Cast: Beastly Appendage |     4 |       ||     4
       Sticks to Snakes  |       |    17 ||    17
  Use: Scroll            |     2 |    10 ||    12
       Potion            |       |     3 ||     3
 Stab: Sleeping          |     2 |     1 ||     3
       Distracted        |       |     1 ||     1
  Eat: Bread ration      |     1 |     1 ||     2
Armor: Skin              |    53 |   113 ||   166
Dodge: Dodged            |    95 |   268 ||   363
